 Dungeon Crawl Stone Soup version 0.27.1 (webtiles) character file.

Game seed: 4765304299642208537

185 cummra the Digger (level 5, -6/28 HPs)
             Began as a Gargoyle Earth Elementalist on Aug 23, 2021.
             Mangled by Pikel (7 damage)
             ... on level 5 of the Dungeon.
             The game lasted 00:17:02 (4370 turns).

cummra the Digger (Gargoyle Earth Elementalist)     Turns: 4370, Time: 00:17:03

Health: -6/28      AC:  7    Str: 12    XL:     5   Next: 64%
Magic:  4/10       EV: 11    Int: 16    God:
Gold:   203        SH:  0    Dex: 10    Spells: 7/11 levels left

rFire    . . .     SeeInvis .   h - +1 whip (elec)
rCold    . . .     Faith    .   (no shield)
rNeg     + . .     Spirit   .   b - +0 robe
rPois    ∞         Reflect  .   e - +0 helmet
rElec    +         Harm     .   (no cloak)
rCorr    .         Rampage  .   (no gloves)
Will     .....                  (no boots)
Stlth    ++........             (no amulet)
HPRegen  0.09/turn              (no ring)
MPRegen  0.12/turn              (no ring)

@: flying, hasted, very quick
A: sickness immunity, AC +4, negative energy resistance 1, electricity
resistance, torment resistance 1, petrification resistance
a: no special abilities


You were on level 5 of the Dungeon.
You visited 1 branch of the dungeon, and saw 5 of its levels.

You collected 203 gold pieces.

Inventory:

Hand Weapons
 h - a +1 whip of electrocution (weapon)
Missiles
 c - 105 stones
Armour
 b - a +0 robe (worn)
 e - a +0 helmet (worn)
Scrolls
 g - 3 scrolls of identify
 j - a scroll of enchant weapon
Potions
 a - 4 potions of curing
 k - a potion of brilliance {unknown}


   Skills:
 - Level 1.5 Dodging
 - Level 2.1 Stealth
 + Level 3.5 Spellcasting
 + Level 2.3 Conjurations
 - Level 0.7 Transmutations
 + Level 5.4 Earth Magic


You had 7 spell levels left.
You knew the following spells:

 Your Spells              Type           Power      Damage    Failure   Level
a - Sandblast             Erth           40%        2d10      1%          1
b - Stone Arrow           Conj/Erth      30%        3d8       11%         3

Your spell library contained the following spells:

 Spells                   Type           Power      Damage    Failure   Level
 Passwall                 Tmut/Erth      10%        N/A       8%          2
 Slow                     Hex            2%         N/A       26%         2
 Petrify                  Tmut/Erth      12%        N/A       45%         4
 Confusing Touch          Hex            2%         N/A       47%         3
 Yara's Violent Unravell  Hex/Tmut       2%         3d3       99%         5


Dungeon Overview and Level Annotations

Branches:
Dungeon (5/15)
 Temple: D:4-7

Altars:
Uskayaw

Annotations:
D:5 Edmund, Pikel


Innate Abilities, Weirdness & Mutations

You are immune to sickness and miasma.
Your stone body is resilient. (AC +4)
You are immune to poison.
You resist negative energy. (rN+)
You are resistant to electric shocks. (rElec)
You are resistant to unholy torment.
You are immune to petrification.


Message History

The hound skeleton bites you but does no damage.
Casting: Sandblast (safe; 1% risk of failure)
Confirm with . or Enter, or press ? or * to list all spells.
Aiming: Sandblast (safe; 1% risk of failure)
Press: ? - help, Shift-Dir - straight line, f/p - Edmund
Aim: Edmund, wielding a +2 dire flail of distortion and wearing a +2 ring mail of poison resistance (83% to hit)
The blast of sand hits the hound skeleton!
The hound skeleton is heavily damaged.
Pikel hits you with a +0 whip of electrocution.
The hound skeleton closely misses you.
Casting: Sandblast (safe; 1% risk of failure)
Confirm with . or Enter, or press ? or * to list all spells.
Aiming: Sandblast (safe; 1% risk of failure)
Press: ? - help, Shift-Dir - straight line, f/p - Edmund
Aim: Edmund, wielding a +2 dire flail of distortion and wearing a +2 ring mail of poison resistance (83% to hit)
The blast of sand hits the hound skeleton!
The hound skeleton is almost destroyed.
Pikel barely misses you.
Casting: Sandblast (safe; 1% risk of failure)
Confirm with . or Enter, or press ? or * to list all spells.
Aiming: Sandblast (safe; 1% risk of failure)
Press: ? - help, Shift-Dir - straight line, f/p - Edmund
Aim: Edmund, wielding a +2 dire flail of distortion and wearing a +2 ring mail of poison resistance (83% to hit)
The blast of sand hits Edmund.
Edmund is lightly wounded.
Casting: Sandblast (safe; 1% risk of failure)
Confirm with . or Enter, or press ? or * to list all spells.
Aiming: Sandblast (safe; 1% risk of failure)
Press: ? - help, Shift-Dir - straight line, f/p - Edmund
Aim: Edmund, wielding a +2 dire flail of distortion and wearing a +2 ring mail of poison resistance (lightly wounded, 83% to hit)
The blast of sand hits Edmund.
Edmund is lightly wounded.
Pikel barely misses you.
You feel better.
Edmund hits you with a +2 dire flail of distortion!
* * * LOW HITPOINT WARNING * * *
Space bends around you.
* * * LOW HITPOINT WARNING * * *
Pikel hits you with a +0 whip of electrocution!
You die...

..# #..# ... ## #.. ?.
..#.# 55. ##K# ###@.#
###Z@.## ##...### .#
#######..###
####.######## ........##
##...<.##.....##
######..#
##..............#
#..#####....$........§§.
#.....##..............§§
#..###@.#.............§.§


You could see Edmund, Pikel, 2 lemures and a hound skeleton.

Vanquished Creatures
  An iguana (D:4)
  7 adders
  An ufetubus (D:5)
  4 worms
  4 orcs
  2 bats
  9 endoplasms
  4 giant cockroaches
  12 hobgoblins
  3 jackals (D:1)
  8 kobolds
  2 quokkas (D:1)
  2 ball pythons
  3 frilled lizards
  7 goblins
  8 rats
77 creatures vanquished.

Notes
Turn   | Place    | Note
-------+----------+-------------------------------------------
     0 | D:1      | cummra the Gargoyle Earth Elementalist began the quest for
                  | the Orb.
     0 | D:1      | Reached XP level 1. HP: 10/10 MP: 3/3
   180 | D:1      | Reached skill level 4 in Earth Magic
   180 | D:1      | Reached XP level 2. HP: 15/15 MP: 0/5
   423 | D:1      | Found a faded altar of an unknown god.
   988 | D:1      | Reached XP level 3. HP: 19/19 MP: 6/6
  1196 | D:1      | Learned a level 3 spell: Stone Arrow
  1354 | D:2      | Found a hide-covered altar of Uskayaw.
  1811 | D:2      | Reached XP level 4. HP: 19/24 MP: 8/8
  2025 | D:2      | Reached skill level 1 in Conjurations
  2644 | D:3      | Reached skill level 5 in Earth Magic
  2797 | D:3      | Reached XP level 5. HP: 25/28 MP: 6/9
  4323 | D:5      | Entered Level 5 of the Dungeon
  4328 | D:5      | Noticed Edmund
  4360 | D:5      | Noticed Pikel
  4360 | D:5      | Noticed a lemure
  4361 | D:5      | Noticed a lemure
  4361 | D:5      | Noticed a lemure
  4363 | D:5      | Noticed a lemure
  4370 | D:5      | HP: 1/28 [Edmund (5)]
  4370 | D:5      | Mangled by Pikel

Illustrated notes

Levels and vault maps discovered:
D:1:      enne_arrival_octagon_isle, layout_basic,
          shapermc_ecumenical_altar_mp_highgroup, minmay_pentomino_t2
D:2:      layout_basic, basic_altar
D:3:      layout_basic
D:4:      layout_cave_pools, item_on_display_a
D:5:      layout_rooms, lemuel_crystal_altar, serial_shops, shop,
          lemuel_another_geyser, uniq_pikel, uniq_menkaure, uniq_blork_the_orc,
          uniq_edmund, uniq_crazy_yiuf_cottage

Skill      XL: |  1  2  3  4  5 |
---------------+----------------+-----
Earth Magic    | 4 5 |  5.4
Spellcasting   | 3 |  3.5
Conjurations   | 1 2 |  2.3
Dodging        | |  1.5
Stealth        | |  2.1
Transmutations | |  0.7

Action                   |  1- 3 |  4- 6 || total
-------------------------+-------+-------++-------
Melee: Unarmed           |     9 |       ||     9
       Dagger            |    40 |       ||    40
       Mace              |    29 |    43 ||    72
       Whip              |       |    22 ||    22
 Cast: Sandblast         |    35 |    25 ||    60
       Stone Arrow       |       |    11 ||    11
  Use: Scroll            |       |     7 ||     7
       Potion            |       |     5 ||     5
 Stab: Sleeping          |     2 |     1 ||     3
Armor: Robe              |    25 |    36 ||    61
Dodge: Dodged            |    50 |    47 ||    97
